 Dungeon Crawl Stone Soup version 0.31.0-11-ge490571c62 (webtiles) character file.

Game seed: 2267118566441971343

347 qw the Shooter (level 6, -4/30 HPs)
             Began as a Spriggan Hunter on Feb 3, 2024.
             Slain by a water moccasin (8 damage)
             ... on level 4 of the Dungeon.
             The game lasted 00:01:15 (2467 turns).

qw the Shooter (Spriggan Hunter)                    Turns: 2467, Time: 00:01:16

Health: -4/30      AC:  2    Str:  7    XL:     6   Next: 33%
Magic:  7/7        EV: 21    Int: 10    God:
Gold:   157        SH:  0    Dex: 21    Spells: 5/5 levels left

rFire   . . .        a - +0 shortbow
rCold   . . .        (shield currently unavailable)
rNeg    . . .        c - +0 robe
rPois   .            (helmet restricted)
rElec   .            (no cloak)
rCorr   .            (gloves unavailable)
SInv    +            (boots unavailable)
Will    +....        (no amulet)
Stlth   ++           (no ring)
HPRegen 0.25/turn    (no ring)
MPRegen 0.10/turn

%: no passive effects
@: lethally poisoned (-4 -> -17), very quick
A: very small, no large weapons, unfitting armour, see invisible, speed 3
a: no special abilities


You were on level 4 of the Dungeon.
You visited 1 branch of the dungeon, and saw 4 of its levels.

You collected 157 gold pieces.


Innate Abilities, Weirdness & Mutations

You are very small and have problems with some larger weapons.
You are too small for most types of armour.
You have supernaturally acute eyesight. (SInv)
You cover ground extremely quickly. (Speed+++)


   Skills:
 - Level 2.1 Fighting
 - Level 6.3 Ranged Weapons
 + Level 5.7 Dodging
 - Level 1.5 Stealth


You had 5 spell levels left.
You didn't know any spells.
Your spell library was empty.

Inventory:

Hand Weapons
 a - a +0 shortbow (weapon)
Armour
 c - a +0 robe (worn)
Potions
 d - a potion of enlightenment
 f - a potion of berserk rage {unknown}
 h - a potion of might

Dungeon Overview and Level Annotations

Branches:
Dungeon (3/15)

Altars:
Gozag


Message History

The arrow closely misses the orc wizard.
The endoplasm quivers.
The arrow hits the orc wizard.
The orc wizard is moderately wounded.
The orc wizard points at you and mumbles some strange words.
The magic dart hits you.
A water moccasin comes into view.
2458 ||| RETREEEEATING.
2459 ||| RETREEEEATING.
2460 ||| RETREEEEATING.
You shoot an arrow. The arrow barely misses the orc wizard.
The arrow hits the orc wizard.
The orc wizard is severely wounded.
You shoot an arrow. The arrow hits the orc wizard.
You kill the orc wizard!
You shoot an arrow. The arrow barely misses the orc wizard.
The arrow misses the water moccasin.
The adder bites you.
You shoot an arrow.
The arrow closely misses the orc wizard.
The orc wizard closely misses you. The orc wizard misses you.
An endoplasm comes into view.
You shoot an arrow. The arrow barely misses the orc wizard.
The endoplasm quivers.
The orc misses you. The water moccasin closely misses you.
The orc wizard mumbles some strange words.
The orc wizard flickers and vanishes for a moment.
The orc hits you with a +0 falchion.
You shoot an arrow.
The arrow closely misses the orc wizard.
The arrow barely misses the endoplasm.
The water moccasin bites you! x2
You are lethally poisoned!
The water moccasin poisons you! The orc wizard barely misses you.
The orc completely misses you.
You shoot an arrow. The arrow hits the orc wizard.
The orc wizard is severely wounded.
You feel very sick. The water moccasin bites you!
You die...

#....... .
#....#.#.#.)
#...........
#.....#.#..
#.........##
#.....J.#...
#.J....#...#
#oo......#
#@SS....##
####....#
#....#
#...##
#....#
#......
.......
..).....


You could see a water moccasin, an orc wizard (invisible), an adder, an orc and
2 endoplasms.

Vanquished Creatures
  Sigmund (D:2)
  An orc priest (D:3)
  2 orc wizards
  Robin (D:2)
  3 adders
  2 orcs
  9 endoplasms
  3 giant cockroaches
  14 goblins
  12 hobgoblins
  10 kobolds
  4 quokkas
  A ball python (D:1)
  3 bats
  A frilled lizard (D:1)
  6 rats
73 creatures vanquished.

Notes
Turn   | Place    | Note
-------+----------+-------------------------------------------
     0 | D:1      | qw the Spriggan Hunter began the quest for the Orb.
     0 | D:1      | Reached XP level 1. HP: 10/10 MP: 2/2
     0 | D:1      | 0 ||| qw: Version: 0.3-a-155-g5e7d8dd
     0 | D:1      | 0 ||| qw: Game counter: 3330
     0 | D:1      | 0 ||| qw: Melee chars always use a shield: true
     0 | D:1      | 0 ||| qw: God list: Okawaru
     0 | D:1      | 0 ||| qw: Allow faded altars: false
     0 | D:1      | 0 ||| qw: Do Orc after clearing Dungeon:15 true
     0 | D:1      | 0 ||| qw: Do second Lair branch before Depths: true
     0 | D:1      | 0 ||| qw: Lair rune preference: random
     0 | D:1      | 0 ||| qw: Goals: Normal
     0 | D:1      | 0 ||| PLANNING D:1-11
    53 | D:1      | Reached skill level 3 in Dodging
   131 | D:1      | Reached XP level 2. HP: 14/14 MP: 3/3
   190 | D:1      | Found a faded altar of an unknown god.
   654 | D:1      | Reached XP level 3. HP: 18/18 MP: 4/4
   915 | D:1      | 915 ||| READING scroll labelled BUKKIUKYNG.
   920 | D:1      | 920 ||| READING scroll labelled PISE ESHRIY.
   920 | D:1      | 920 ||| IDENTIFYING viscous dark potion
   921 | D:1      | 921 ||| DRINKING 2 ruby potions.
   922 | D:1      | 922 ||| DRINKING potion of curing.
   922 | D:1      | 922 ||| (to cure confusion)
   923 | D:1      | 923 ||| DROPPING scroll of butterflies.
   924 | D:1      | 924 ||| DROPPING potion of ambrosia.
  1079 | D:2      | Noticed Sigmund
  1085 | D:2      | Killed Sigmund
  1086 | D:2      | Reached skill level 6 in Ranged Weapons
  1086 | D:2      | Reached XP level 4. HP: 21/22 MP: 5/5
  1086 | D:2      | Reached XP level 5. HP: 24/25 MP: 6/6
  1385 | D:2      | Noticed Robin
  1393 | D:2      | Killed Robin
  1899 | D:2      | 1899 ||| READING scroll of identify.
  1899 | D:2      | 1899 ||| IDENTIFYING bubbling green potion
  1900 | D:2      | 1900 ||| DRINKING 2 pink potions.
  1901 | D:2      | 1901 ||| DRINKING 2 murky cyan potions.
  1902 | D:2      | 1902 ||| DROPPING potion of lignification.
  1925 | D:3      | 1925 ||| PLANNING SEWER
  2055 | D:3      | Found an opulent altar of Gozag.
  2343 | D:3      | Reached XP level 6. HP: 23/30 MP: 7/7
  2343 | D:3      | 2343 ||| FLEEEEING.
  2345 | D:3      | 2345 ||| FLEEEEING.
  2346 | D:3      | 2346 ||| FLEEEEING.
  2348 | D:3      | 2348 ||| FLEEEEING.
  2349 | D:3      | 2349 ||| FLEEEEING.
  2350 | D:3      | 2350 ||| FLEEEEING.
  2351 | D:3      | 2351 ||| FLEEEEING.
  2352 | D:3      | 2352 ||| FLEEEEING.
  2353 | D:3      | 2353 ||| FLEEEEING.
  2354 | D:3      | 2354 ||| FLEEEEING.
  2358 | D:3      | 2358 ||| FLEEEEING.
  2359 | D:3      | 2359 ||| FLEEEEING.
  2360 | D:3      | 2360 ||| FLEEEEING.
  2361 | D:3      | 2361 ||| FLEEEEING.
  2362 | D:3      | 2362 ||| FLEEEEING.
  2363 | D:3      | 2363 ||| FLEEEEING.
  2364 | D:3      | 2364 ||| FLEEEEING.
  2365 | D:3      | 2365 ||| FLEEEEING.
  2366 | D:3      | 2366 ||| FLEEEEING.
  2367 | D:3      | 2367 ||| FLEEEEING.
  2371 | D:3      | 2371 ||| FLEEEEING.
  2373 | D:3      | 2373 ||| FLEEEEING.
  2448 | D:3      | You fall into a shaft and drop 1 floor!
  2457 | D:4      | Noticed a water moccasin
  2458 | D:4      | 2458 ||| RETREEEEATING.
  2459 | D:4      | 2459 ||| RETREEEEATING.
  2460 | D:4      | 2460 ||| RETREEEEATING.
  2467 | D:4      | HP: 4/30 [poisoned by a water moccasin]
  2467 | D:4      | Slain by a water moccasin

Levels and vault maps discovered:
D:1:      dpeg_arrival_erosion, layout_loops_corners,
          hellmonk_ecumenical_altar_slurped_away, nrook_loot_triangle
D:2:      layout_basic, minmay_misc_feat_more_columns, uniq_sigmund, uniq_robin
D:3:      layout_basic, nicolae_uskayaw_murder_on_the_dancefloor,
          nicolae_gozag_seed_capital, mainiacjoe_sewer_entry_somewhere_in_here_2
D:4:      gammafunk_wand_slinger, layout_rooms, minmay_temple_entry_sparse_star,
          enter_ossuary_5

Skill      XL: |  1  2  3  4  5 |
---------------+----------------+-----
Dodging        | 3 4 5 |  5.7
Ranged Weapons | 6 |  6.3
Fighting       | 2 |  2.1
Stealth        | |  1.5

Action                     |  1- 3 |  4- 6 || total
---------------------------+-------+-------++-------
   Fire: Shortbow          |    67 |   107 ||   174
    Use: Potion            |     2 |     2 ||     4
         Scroll            |     2 |     1 ||     3
 Armour: Robe              |     5 |    15 ||    20
  Dodge: Dodged            |     5 |    32 ||    37

Table legend:
 A = Non-vault XP
 B = Vault XP
 C = Vault XP percentage of total XP
 D = Non-vault monster count
 E = Vault monster count
 F = Vault count percentage of total count
                 A         B        C        D         E       F
            +---------+---------+-------+---------+---------+-------
      Total |     244 |     253 |  50.9 |      59 |      14 |  19.2
            +---------+---------+-------+---------+---------+-------
        D:1 |      41 |       2 |   4.7 |      24 |       1 |   4.0
        D:2 |      58 |     251 |  81.2 |      20 |      13 |  39.4
        D:3 |     107 |       0 |   0.0 |      13 |       0 |   0.0
        D:4 |      38 |       0 |   0.0 |       2 |       0 |   0.0
            +---------+---------+-------+---------+---------+-------
